 Dungeon Crawl Stone Soup version 0.30-a0-605-gb2882149bf (webtiles) character file.

Game seed: 7335480022524876714

64 porpoise the Chopper (level 4, -1/34 (35) HPs)
             Began as a Barachi Gladiator on Jan 8, 2023.
             Killed from afar by an orc wizard (9 damage)
             ... with a magic dart
             ... on level 3 of the Dungeon.
             The game lasted 00:04:35 (1944 turns).

porpoise the Chopper (Barachi Gladiator)            Turns: 1944, Time: 00:04:35

HP:   -1/34 (35)    AC:  4    Str: 18    XL:     4   Next: 12%
MP:   4/4           EV:  9    Int:  8    God:
Gold: 65            SH:  0    Dex: 13    Spells: 3/3 levels left

rFire   . . .      SeeInvis .    a - +0 war axe
rCold   . . .      Faith    .    (no shield)
rNeg    . . .      Spirit   .    u - +0 leather armour
rPois   .          Reflect  .    c - +0 helmet
rElec   .          Harm     .    (no cloak)
rCorr   .          Rampage  .    (no gloves)
Will    .....                    (no boots)
Stlth   +                        (no amulet)
HPRegen 0.25/turn                (no ring)
MPRegen 0.09/turn                (no ring)

@: constricted, lightly drained, slow
A: amphibious, slowness 1, strong legs 1, +LOS
a: Hop


You were on level 3 of the Dungeon.
You visited 1 branch of the dungeon, and saw 3 of its levels.

You collected 65 gold pieces.

Inventory:

Hand Weapons
 a - a +0 war axe (weapon)
 b - a +3 dagger of draining
Missiles
 d - 3 throwing nets (quivered)
 e - a javelin
 q - 6 poisoned darts
 r - 2 boomerangs
Armour
 c - a +0 helmet (worn)
 u - a +0 leather armour (worn)
Scrolls
 f - 2 scrolls of immolation {unknown}
 h - a scroll of amnesia {unknown}
 j - a scroll of identify {unknown}
 l - a scroll of enchant armour {unknown}
 m - a scroll of acquirement {unknown}
 n - a scroll of fog {unknown}
 o - 2 scrolls of noise {unknown}
 p - a scroll of poison {unknown}
 t - a scroll of blinking {unknown}
Potions
 g - 2 potions of heal wounds {unknown}
 i - a potion of ambrosia {unknown}
 k - a potion of flight {unknown}
 s - 2 potions of attraction {unknown}


   Skills:
 + Level 3.4 Fighting
 * Level 4.8 Axes
 - Level 2.0 Throwing
 - Level 3.2 Dodging


You had 3 spell levels left.
You didn't know any spells.
Your spell library was empty.

Dungeon Overview and Level Annotations

Branches:
Dungeon (3/15)

Altars:

Shops:
D:2 =


Innate Abilities, Weirdness & Mutations

You are amphibious.
You cover ground slowly.
You can hop short distances.
You have an extended range of vision and can be seen from far away.


Message History

The ball python hisses angrily.
The orc closely misses you.
Okay, then.
You bump into the rock wall.
The orc hits you with a +0 club.
You are too confused!
a - a +0 war axe (weapon)
You are too confused!
You are too confused!
You bump into the rock wall.
The orc closely misses you.
You bump into the rock wall.
You feel less confused. The orc barely misses you.
You hit the orc.
The orc is moderately wounded.
The orc closely misses you.
You closely miss the orc wizard. You hit the ball python.
The ball python barely misses you. x2
The orc wizard gestures wildly while chanting.
The orc wizard flickers and vanishes!
Deactivating autopickup; reactivate with Ctrl-A.
The ball python closely misses you. The ball python barely misses you.
You closely miss something. You completely miss the ball python.
You hear some strange, mumbled words.
A magic dart appears from out of thin air!
The magic dart hits you!
The ball python bites you but does no damage.
The ball python closely misses you.
You closely miss something. You barely miss the ball python.
The ball python closely misses you. The ball python grabs you.
The ball python constricts you. Something hits you.
* * * LOW HITPOINT WARNING * * *
The ball python bites you.
* * * LOW HITPOINT WARNING * * *
The ball python constricts you.
* * * LOW HITPOINT WARNING * * *
You barely miss something. You hit the ball python.
You hear some strange, mumbled words.
A magic dart appears from out of thin air!
The magic dart hits you!
You die...

#....#.#.# #....#.#.#
#....#.#.# #....#.#.#
# #..).#.#.#.# .
..##....#.#.#.##....
...'........o).S.....
...###.#.#)#{#.######
. #.#.#.#@# # #
#.#.#.S.#
#.#.#.####### #.#.#.#
... #.#.#.# ..# ##
#.#.#.##..##### .#
#.#.#.......... .####
#.#.#^.######## ....#
#...#.##


You could see an orc and a ball python.

Vanquished Creatures
  A dart slug (D:2)
  7 orcs (D:3)
  2 ball pythons
  4 bats
  2 endoplasms
  4 giant cockroaches
  3 goblins
  3 hobgoblins
  4 jackals (D:1)
  7 kobolds
  4 quokkas
  6 frilled lizards
  2 rats (D:1)
49 creatures vanquished.

Notes
Turn   | Place    | Note
-------+----------+-------------------------------------------
     0 | D:1      | porpoise the Barachi Gladiator began the quest for the Orb.
     0 | D:1      | Reached XP level 1. HP: 17/17 MP: 1/1
    60 | D:1      | Reached XP level 2. HP: 16/23 MP: 2/2
   319 | D:1      | Reached skill level 4 in Axes
   459 | D:1      | Reached XP level 3. HP: 29/29 MP: 3/3
  1425 | D:2      | Found Unamaq's One-of-a-Kind Rings.
  1766 | D:3      | Reached XP level 4. HP: 26/35 MP: 4/4
  1944 | D:3      | Killed from afar by an orc wizard

Illustrated notes

Levels and vault maps discovered:
D:1:      matt_arrival_spirals, layout_basic, minmay_liquid_box,
          minmay_misc_feat_columns
D:2:      layout_rooms, nicolae_shop_unique_rings
D:3:      layout_basic, basic_ecumenical_altar, uniq_robin, uniq_natasha

Skill      XL: |  1  2 |
---------------+-------+-----
Axes           | 4 |  4.8
Fighting       | 3 |  3.4
Throwing       | |  2.0
Dodging        | |  3.2

Action                   |  1- 3 |  4- 6 || total
-------------------------+-------+-------++-------
Melee: War axe           |   126 |     7 ||   133
       Dagger            |       |     4 ||     4
Armor: Leather armour    |    49 |     1 ||    50
Dodge: Dodged            |    97 |    15 ||   112

Table legend: (Time is in decaauts)
 A = Elapsed time spent in this place.
 B = Non-inter-level travel time spent in this place.
 C = Inter-level travel time spent in this place.
 D = Time resting spent in this place.
 E = Time spent auto-exploring this place.
 F = Levels seen in this place.
 G = Mean time per level.
                   A        B        C        D        E       F      G
               +--------+--------+--------+--------+--------+-----+--------+
         Total |   2227 |   2164 |     63 |    465 |   1302 |   3 |  742.3 |
       Dungeon |   2227 |   2164 |     63 |    465 |   1302 |   3 |  742.3 |
               +--------+--------+--------+--------+--------+-----+--------+

Top non-repeatable levels by time:
     D:1: 1236 daAuts
     D:2: 660 daAuts
     D:3: 330 daAuts
